 Dungeon Crawl Stone Soup version 0.23.2-33-g5129a83184 (webtiles) character file.

Game seed: 9814451311109940917

418 dvd the Chopper (level 6, -3/53 HPs)
             Began as a Minotaur Fighter on June 27, 2019.
             Was an Initiate of Makhleb.
             Killed by divine providence
             ... invoked by an orc priest
              (17 damage)
             ... on level 5 of the Dungeon.
             The game lasted 00:06:36 (2618 turns).

dvd the Chopper (Minotaur Fighter)                  Turns: 2618, Time: 00:06:37

Health: -3/53      AC:  8    Str: 21    XL:     6   Next: 61%
Magic:  5/5        EV:  9    Int:  5    God:    Makhleb [......]
Gold:   166        SH: 11    Dex: 11    Spells: 5/5 levels left

rFire    . . .     SeeInvis .   a - +0 war axe
rCold    + . .     Gourm    .   c - +1 shield
rNeg     + . .     Faith    .   b - +0 scale mail
rPois    .         Spirit   .   (helmet restricted)
rElec    .         Reflect  .   (no cloak)
rCorr    .         Harm     .   g - +0 pair of gloves
MR       .....                  (no boots)
Stlth    ..........             (no amulet)
HPRegen  0.17/turn              o - ring of protection from cold
MPRegen  0.09/turn              x - ring of positive energy

@: no status effects
A: retaliatory headbutt, horns 2
a: Renounce Religion


You were on level 5 of the Dungeon.
You worshipped Makhleb.
Makhleb was noncommittal.
You were not hungry.

You visited 1 branch of the dungeon, and saw 5 of its levels.

You collected 166 gold pieces.

Inventory:

Hand Weapons
 a - a +0 war axe (weapon)
 p - a +6 club
 q - a +1 hand crossbow of flaming
 z - a +0 hand axe
Armour
 b - a +0 scale mail (worn)
 c - a +1 shield (worn)
 g - a +0 pair of gloves (worn)
Jewellery
 e - an uncursed ring of magical power
 m - an uncursed ring of protection from cold
 o - a ring of protection from cold (left hand)
 w - an uncursed ring of fire
 x - a ring of positive energy (right hand)
 y - an uncursed ring of wizardry
Scrolls
 h - a scroll of remove curse
 l - 2 scrolls of enchant armour
 n - 5 scrolls of identify
 t - a scroll of teleportation
 v - a scroll of magic mapping
Potions
 d - a potion of might
 i - 4 potions of curing {unknown}
 j - a potion of invisibility
 k - 2 potions of flight {unknown}
 r - a potion of mutation {unknown}
 s - a potion of heal wounds {unknown}
 u - a potion of berserk rage {unknown}
Comestibles
 f - 7 rations
 A - 6 chunks of flesh


   Skills:
 + Level 4.3 Fighting
 + Level 5.5 Axes
 + Level 5.3 Armour
 + Level 2.5 Dodging
 + Level 0.2 Stealth
 + Level 4.9 Shields


You had 5 spell levels left.
You didn't know any spells.
Your spell library was empty.

Dungeon Overview and Level Annotations

Branches:
Dungeon (5/15)
 Temple: D:4-7

Altars:
Cheibriados
Dithmenos
Makhleb
Trog
Uskayaw
Vehumet
Xom
Yredelemnul


Innate Abilities, Weirdness & Mutations

You reflexively headbutt those who attack you in melee.
You have a pair of horns on your head.


Message History

The magic dart hits you.
* * * LOW HITPOINT WARNING * * *
The orc priest barely misses you.
You hit the orc priest.
The orc priest is severely wounded.
You barely miss the orc wizard.
The orc wizard points at you and mumbles some strange words.
The puff of flame misses you.
The orc priest calls upon Beogh to heal the orc wizard.
The orc wizard is healed somewhat.
The orc wizard hits you but does no damage.
You hit the orc priest.
The orc priest is almost dead.
You barely miss the orc wizard. The orc wizard closely misses you.
You hit the orc priest but do no damage.
The orc priest is almost dead.
You completely miss the orc. You slash the orc wizard!
The orc priest invokes the aid of Beogh against you.
Beogh smites you!
You die...

...............
................
................
................
................
................
......oo........
......o@....>...
......##)##....
.....##...## . #####
######รท....##
...########.#)......#
###.#......#..).._.....#
.............#.......###
........)..#.##.....##
.....((....#.###...##


You could see an orc priest, an orc wizard and an orc.

Vanquished Creatures
  Edmund (D:5)
  A centaur (D:5)
  A hound (D:5)
  An orc wizard (D:4)
  A worker ant (D:4)
  Robin (D:2)
  4 adders
  An ooze (D:1)
  A worm (D:2)
  3 dart slugs
  2 leopard geckos
  5 orcs
  4 bats
  7 giant cockroaches
  9 goblins
  6 hobgoblins
  A quokka (D:3)
  5 frilled lizards
  7 kobolds
  15 rats
76 creatures vanquished.

Notes
Turn   | Place    | Note
-------+----------+-------------------------------------------
     0 | D:1      | dvd the Minotaur Fighter began the quest for the Orb.
     0 | D:1      | Reached XP level 1. HP: 19/19 MP: 0/0
   131 | D:1      | Reached XP level 2. HP: 21/27 MP: 1/1
   431 | D:1      | Reached XP level 3. HP: 23/33 MP: 2/2
   738 | D:2      | Reached skill level 1 in Dodging
   888 | D:2      | Found a glowing silver altar of Zin.
   890 | D:2      | Found a burning altar of Makhleb.
   890 | D:2      | Found a white marble altar of Elyvilon.
   892 | D:2      | Found a sparkling altar of Nemelex Xobeh.
   892 | D:2      | Found a shimmering altar of Xom.
   892 | D:2      | Found a glowing golden altar of the Shining One.
  1011 | D:2      | Found a shadowy altar of Dithmenos.
  1126 | D:2      | Noticed Robin
  1134 | D:2      | Killed Robin
  1134 | D:2      | Reached XP level 4. HP: 36/40 MP: 3/3
  1553 | D:3      | Found a basalt altar of Yredelemnul.
  1772 | D:3      | Found a hide-covered altar of Uskayaw.
  1772 | D:3      | Found a bloodstained altar of Trog.
  1917 | D:4      | Found a radiant altar of Vehumet.
  1944 | D:4      | Reached skill level 5 in Armour
  1972 | D:4      | Reached XP level 5. HP: 39/46 MP: 4/4
  2432 | D:4      | Found a burning altar of Makhleb.
  2440 | D:4      | Became a worshipper of Makhleb the Destroyer
  2467 | D:5      | Entered Level 5 of the Dungeon
  2510 | D:5      | Noticed a centaur
  2519 | D:5      | Killed a centaur
  2519 | D:5      | Reached XP level 6. HP: 43/52 MP: 5/5
  2541 | D:5      | Found a snail-covered altar of Cheibriados.
  2541 | D:5      | Noticed Edmund
  2566 | D:5      | Killed Edmund
  2566 | D:5      | Reached skill level 5 in Axes
  2618 | D:5      | Killed from afar by an orc priest

Skill      XL: |  1  2  3  4  5  6 |
---------------+-------------------+-----
Armour         | 4 5 |  5.3
Fighting       | 4 |  4.3
Shields        | 4 |  4.9
Axes           | 3 4 5 |  5.5
Dodging        | 1 2 |  2.5
Stealth        | |  0.2

Action                   |  1- 3 |  4- 6 || total
-------------------------+-------+-------++-------
Melee: War axe           |   102 |    99 ||   201
       Headbutt          |     7 |    21 ||    28
  Use: Scroll            |       |     8 ||     8
  Eat: Chunk             |     1 |     5 ||     6
Armor: Scale mail        |    55 |    35 ||    90
Dodge: Dodged            |    42 |    33 ||    75
Block: Shield            |    64 |    51 ||   115
